 Dungeon Crawl Stone Soup version 0.29-b1-12-g9e2288ab2a (webtiles) character file.

Game seed: 13231553293801428374

6239 DemonSlayer the Thaumaturge (level 10, -2/67 HPs)
             Began as a Demonspawn Fire Elementalist on Aug 23, 2022.
             Was a Priest of Jiyva.
             Slain by an eight-headed hydra (11 damage)
             ... on level 1 of the Lair of Beasts.
             The game lasted 00:27:41 (9859 turns).

DemonSlayer the Thaumaturge (DsFE)                  Turns: 9859, Time: 00:27:41

Health: -2/67      AC:  7    Str:  9    XL:     10   Next: 62%
Magic:  22/32      EV: 13    Int: 21    God:    Jiyva [***...]
Gold:   325        SH:  0    Dex: 13    Spells: 4/27 levels left

rFire   . . .      SeeInvis .   v - +4 dagger (freeze)
rCold   + . .      Faith    .   (no shield)
rNeg    . . .      Spirit   .   y - +0 robe {rC+}
rPois   .          Reflect  .   c - +0 hat
rElec   .          Harm     .   j - +0 cloak
rCorr   +          Rampage  .   (no gloves)
Will    +++..                   t - +0 pair of boots
Stlth   +++.......              (no amulet)
HPRegen 1.33/turn               f - ring of magical power
MPRegen 0.81/turn               (no ring)

@: no status effects
A: antennae 1, icy blue scales 2, magic regeneration, demonic magic 1,
strong-willed 3, jelly absorbing missiles
a: Renounce Religion, Oozemancy


You were on level 1 of the Lair of Beasts.
You worshipped Jiyva.
Jiyva was most pleased with you.
You visited 2 branches of the dungeon, and saw 10 of its levels.
You also visited: Sewer.

You collected 448 gold pieces.
You spent 123 gold pieces at shops.

Inventory:

Hand Weapons
 v - a +4 dagger of freezing (weapon)
Armour
 c - a +0 hat (worn)
 h - a +3 ring mail of fire resistance
 j - a +0 cloak (worn)
 t - a +0 pair of boots (worn)
 y - a +0 robe of cold resistance (worn)
Jewellery
 f - a ring of magical power (left hand)
Wands
 d - a wand of flame (61)
 n - a wand of polymorph (10)
 q - a wand of digging (7)
 s - a wand of mindburst (31)
Scrolls
 a - a scroll of amnesia
 g - 5 scrolls of teleportation
 i - 2 scrolls of fog
 k - a scroll of fear
 l - 4 scrolls of blinking
Potions
 b - 2 potions of magic
 e - a potion of curing
 m - 2 potions of flight
 o - 2 potions of resistance
 p - a potion of might
 r - 3 potions of invisibility
 u - 4 potions of lignification
 w - a potion of brilliance
 x - a potion of mutation
 z - a potion of heal wounds
 A - a potion of experience {unknown}
 C - 2 potions of haste


   Skills:
 + Level 2.3 Fighting
 + Level 2.9 Short Blades
 + Level 3.4 Dodging
 + Level 6.5 Stealth
 + Level 9.2 Spellcasting
 + Level 2.7 Conjurations
 + Level 0.1 Hexes
 + Level 9.1 Fire Magic
 + Level 0.1 Air Magic
 + Level 0.1 Poison Magic


You had 4 spell levels left.
You knew the following spells:

 Your Spells              Type           Power      Damage    Failure   Level
a - Foxfire               Conj/Fire      100%       2x1d9     1%          1
b - Scorch                Fire           94%        2d10      1%          2
c - Conjure Flame         Conj/Fire      34%        6-21      1%          3
d - Summon Guardian Gole  Hex/Summ       10%        N/A       21%         3
e - Flame Wave            Conj/Fire      34%        2d10      6%          4
f - Slow                  Hex            40%        N/A       7%          1
g - Mephitic Cloud        Conj/Pois/Air  14%        N/A       14%         3
h - Confusing Touch       Hex            10%        N/A       21%         3
i - Teleport Other        Tloc           9%         N/A       22%         3

Your spell library contained the following spells:

 Spells                   Type           Power      Damage    Failure   Level
 Magic Dart               Conj           84%        1d7       2%          1
 Inner Flame              Hex/Fire       29%        N/A       3%          3
 Beastly Appendage        Tmut           18%        N/A       7%          1
 Call Imp                 Summ           9%         N/A       11%         2
 Sublimation of Blood     Necr           9%         N/A       11%         2
 Wereblood                Tmut           9%         N/A       11%         2
 Spider Form              Tmut/Pois      10%        N/A       21%         3
 Gell's Gravitas          Tloc           9%         N/A       22%         3
 Lesser Beckoning         Tloc           9%         N/A       22%         3
 Vampiric Draining        Necr           9%         2d6       22%         3
 Orb of Destruction       Conj           10%        9d6       100%        7
 Spellforged Servitor     Conj/Summ      7%         N/A       100%        7
 Summon Hydra             Summ           4%         N/A       100%        7


Dungeon Overview and Level Annotations

Branches:
Dungeon (9/15)             Temple (0/1) D:6            Lair (1/5) D:8
  Sewer (visited)
    Orc: D:9-12

Altars:
Fedhas
Sif Muna
Uskayaw

Shops:
D:1 [**=*   D:3 ?:=   D:5 ([=(   D:6 (   D:7 :


Innate Abilities, Weirdness & Mutations

You have a pair of small antennae on your head.
You are mostly covered in icy blue scales. (AC +3)
You regenerate magic rapidly.
Spells you cast may paralyse adjacent enemies.
You are extremely strong-willed. (Will+++)
You have a small jelly attached to you that may absorb projectiles.


Message History

You hear a loud, deep croak!
The yak barely misses you.
Flames lash the yak.
The yak is heavily wounded.
The yak's fire resistance burns away.
Malevolent energies surge around you.
The yak suddenly stops moving!
The helpless yak fails to defend itself.
You impale the yak!! You freeze the yak.
You kill the yak!
A blink frog comes into view.
Flames lash the eight-headed hydra.
The eight-headed hydra is lightly wounded.
The eight-headed hydra's fire resistance burns away.
Malevolent energies surge around you.
You hear a croak.
Flames lash the eight-headed hydra.
The eight-headed hydra is burned terribly!
The eight-headed hydra is moderately wounded.
Malevolent energies surge around you.
The eight-headed hydra bites you but does no damage.
The eight-headed hydra bites you! x2
The eight-headed hydra bites you but does no damage. x3
The eight-headed hydra closely misses you.
The eight-headed hydra misses you.
Unknown command.
Flames lash the eight-headed hydra.
The eight-headed hydra is burned terribly!
The eight-headed hydra is heavily wounded.
Malevolent energies surge around you.
The blink frog suddenly stops moving!
The eight-headed hydra bites you!
The eight-headed hydra bites you but does no damage.
The eight-headed hydra barely misses you.
The eight-headed hydra closely misses you.
The eight-headed hydra bites you!
* * * LOW HITPOINT WARNING * * *
The eight-headed hydra bites you!
* * * LOW HITPOINT WARNING * * *
The eight-headed hydra closely misses you.
The eight-headed hydra bites you!
You die...

.#.# ....##
≈~~... .
≈≈≈~..# .#
≈≈~~~.. ###...
≈≈≈≈≈~.##.....#
~≈≈≈≈~.....#
~~≈≈≈≈$@D..#
>.~~~...F...#
............#
..P...........#
###...../......
#.............
#.............
#.......!.....


You could see an eight-headed hydra (combustible) and a blink frog (paralysed).

Vanquished Creatures
  Pikel (D:6)
  A gargoyle (D:8)
  A black mamba (Lair:1)
  Psyche (D:8)
  A kobold demonologist (D:9)
  A troll (D:8)
  Eustachio (D:4)
  8 yaks
  Menkaure (D:4)
  Edmund (D:6)
  3 water moccasins
  2 ice beasts
  A sky beast (D:8)
  2 black bears (D:6)
  4 ogres
  A centaur (D:7)
  A wolf (D:8)
  A lemure (D:6)
  A kobold brigand (D:8)
  2 bullfrogs (D:7)
  Blork the orc (D:4)
  4 scorpions
  4 killer bees (D:9)
  4 electric eels
  5 howler monkeys
  8 hounds
  4 jellies
  An orc priest (D:3)
  Jessica (D:3)
  4 iguanas
  Ijyb (D:5)
  2 orc wizards
  7 gnolls (D:6)
  6 adders
  2 river rats (Sewer)
  A shadow imp (D:7)
  A white imp (D:7)
  2 ufetubi
  3 worms
  A dart slug (D:2)
  10 orcs
  6 bats
  20 endoplasms
  11 giant cockroaches
  8 goblins
  5 hobgoblins
  4 jackals (D:4)
  8 kobolds
  3 quokkas (D:6)
  10 ball pythons
  5 frilled lizards
  3 rats
190 creatures vanquished.

Vanquished Creatures (collateral kills)
  2 foxfires (D:2)
2 creatures vanquished.

Vanquished Creatures (others)
  An ice beast (D:7)
  A centaur (D:9)
  A necrophage (D:7)
  An electric eel (D:8)
  17 jellies
  An orc priest (D:7)
  An iguana (D:7)
  2 orcs (D:7)
  4 goblins (D:7)
  A kobold (D:4)
  125 foxfires
  2 plants (D:2)
157 creatures vanquished.

Grand Total: 349 creatures vanquished

Notes
Turn   | Place    | Note
-------+----------+-------------------------------------------
     0 | D:1      | DemonSlayer the Demonspawn Fire Elementalist began the
                  | quest for the Orb.
     0 | D:1      | Reached XP level 1. HP: 13/13 MP: 3/3
    62 | D:1      | Found Aguara's Assorted Antiques.
   246 | D:1      | Found Fes Atz's Antique Armour Boutique.
   246 | D:1      | Found Tilu's General Store.
   298 | D:1      | Gained mutation: Spells you cast may paralyse adjacent
                  | enemies. [demonic ancestry]
   298 | D:1      | Reached XP level 2. HP: 15/19 MP: 1/5
   301 | D:1      | Learned a level 2 spell: Scorch
   695 | D:1      | Found Axaeh's Jewellery Emporium.
   718 | D:1      | Found a faded altar of an unknown god.
   833 | D:1      | Found Ifusep's General Store.
   973 | D:2      | Gained mutation: You regenerate magic rapidly. [demonic
                  | ancestry]
   973 | D:2      | Reached XP level 3. HP: 24/24 MP: 6/6
  1564 | D:2      | Learned a level 3 spell: Conjure Flame
  1601 | D:3      | Found Mitufit's Book Shop.
  1661 | D:3      | Noticed Jessica
  1662 | D:3      | Found Qutesud's Jewellery Emporium.
  1668 | D:3      | Killed Jessica
  2017 | D:3      | Reached XP level 4. HP: 30/30 MP: 8/8
  2336 | D:4      | Noticed Menkaure
  2587 | D:4      | Killed Menkaure
  2588 | D:4      | Reached XP level 5. HP: 12/36 MP: 10/10
  2998 | D:4      | Noticed Eustachio
  3016 | D:4      | Killed Eustachio
  3017 | D:4      | Gained mutation: You are partially covered in icy blue
                  | scales. (AC +2) [demonic ancestry]
  3017 | D:4      | Reached XP level 6. HP: 27/42 MP: 10/12
  3207 | D:4      | Noticed Blork the orc
  3224 | D:4      | Killed Blork the orc
  3225 | D:4      | Reached skill level 1 in Fighting
  3227 | D:4      | Reached skill level 1 in Short Blades
  3227 | D:4      | Gained mutation: You have a pair of small antennae on your
                  | head. [demonic ancestry]
  3227 | D:4      | Reached XP level 7. HP: 42/48 MP: 13/13
  4006 | D:3      | Found Agof's Magic Scroll Boutique.
  4056 | D:3      | Bought a scroll of blinking for 105 gold pieces
  4253 | D:1      | Bought a lumpy grey potion for 18 gold pieces
  4569 | D:3      | Learned a level 3 spell: Summon Guardian Golem
  4574 | D:3      | Learned a level 4 spell: Flame Wave
  4576 | D:3      | Learned a level 1 spell: Slow
  4679 | D:5      | Entered Level 5 of the Dungeon
  4835 | D:5      | Noticed Ijyb
  4841 | D:5      | Killed Ijyb
  4912 | D:5      | Found a blossoming altar of Fedhas.
  4934 | D:5      | Reached skill level 5 in Spellcasting
  5030 | D:5      | Found Buliss's Jewellery Boutique.
  5032 | D:5      | Found Janleowko's Antique Armour Emporium.
  5032 | D:5      | Found Xoyrr's Weapon Shop.
  5047 | D:5      | Reached skill level 5 in Fire Magic
  5178 | D:5      | Found Pymiufi's Weapon Boutique.
  5515 | D:5      | Reached XP level 8. HP: 43/54 MP: 15/15
  5802 | D:5      | Learned a level 3 spell: Mephitic Cloud
  6055 | D:6      | Found a glowing drain.
  6065 | Sewer    | Entered a sewer
  6314 | Sewer    | Found a viscous altar of Jiyva.
  6401 | Sewer    | Became a worshipper of Jiyva Jugauwk the Shapeless
  6449 | D:6      | Noticed Edmund
  6460 | D:6      | Killed Edmund
  6605 | D:6      | Found a staircase to the Ecumenical Temple.
  6643 | D:6      | Noticed Pikel
  6649 | D:6      | Killed Pikel
  6698 | D:6      | Found a shimmering blue altar of Sif Muna.
  6698 | D:6      | Found a hide-covered altar of Uskayaw.
  6721 | D:6      | Reached XP level 9. HP: 59/59 MP: 19/19
  6750 | D:6      | Found Zyiduon's Antique Weapon Emporium.
  7260 | D:6      | Learned a level 3 spell: Confusing Touch
  7305 | D:7      | Reached * piety under Jiyva
  7405 | D:7      | Found Jimpag's Book Boutique.
  8059 | D:8      | Reached ** piety under Jiyva
  8063 | D:8      | Found a staircase to the Lair.
  8066 | D:8      | Noticed a troll
  8068 | D:8      | Noticed Psyche
  8416 | D:8      | Killed a troll
  8417 | D:8      | Reached skill level 5 in Stealth
  8673 | D:8      | Noticed a gargoyle
  8678 | D:8      | Killed a gargoyle
  8823 | D:8      | Gained mutation: You are mostly covered in icy blue scales.
                  | (AC +3) [demonic ancestry]
  8823 | D:8      | Reached XP level 10. HP: 67/67 MP: 22/22
  8827 | D:8      | Learned a level 3 spell: Teleport Other
  8838 | D:8      | Identified the +3 short sword "Trog's Righteous Fury"
                  | {holy, rElec Will- MP+9 Dex+3}
  8879 | D:8      | Killed Psyche
  9394 | D:9      | Reached *** piety under Jiyva
  9481 | D:9      | Gained mutation: You have a small jelly attached to you
                  | that may absorb projectiles. [Jiyva's grace]
  9481 | D:9      | Gained mutation: You are strong-willed. (Will+) [Jiyva's
                  | grace]
  9481 | D:9      | Gained mutation: You are highly strong-willed. (Will++)
                  | [Jiyva's grace]
  9481 | D:9      | Gained mutation: You are extremely strong-willed. (Will+++)
                  | [Jiyva's grace]
  9841 | Lair:1   | Entered Level 1 of the Lair of Beasts
  9841 | Lair:1   | Noticed a black mamba
  9847 | Lair:1   | Killed a black mamba
  9851 | Lair:1   | Noticed an eight-headed hydra
  9859 | Lair:1   | Slain by an eight-headed hydra

Illustrated notes

Levels and vault maps discovered:
D:1:      heliophobic_arrival_battle_scene, layout_rooms,
          basic_ecumenical_altar, serial_shops, nicolae_diamond_shop, shop,
          shop, nicolae_shop_trees, shop
D:2:      layout_loops_ring, serial_bayou_pond_a, kennysheep_decorative_pillar,
          minmay_misc_feat_roman, nicolae_concentric_dashed_squares_mild
D:3:      layout_basic, serial_curves, eino_curves_03, eino_curves_02,
          serial_shops, shop, nicolae_shop_stone, shop, uniq_jessica
D:4:      layout_cave_pods, st_stairs_1, uniq_blork_the_orc, uniq_menkaure,
          uniq_eustachio
D:5:      layout_layer_cave, fedhas_altar_1, serial_shops, shop_statue,
          nicolae_wooded_promenade, uniq_ijyb
D:6:      layout_basic, mainiacjoe_overflow_large_starburst,
          minmay_temple_entry_mist, serial_shops, shop_statue,
          gup_sewer_entry_pipe, uniq_pikel, uniq_edmund
D:7:      minmay_recursive_quarters, layout_rooms, enter_bailey_5, serial_shops,
          nicolae_shop_advertising_works [nicolae_subvault_shop_adworks],
          minivault_14
D:8:      layout_loops_ring, erik_lair_island, uniq_psyche
D:9:      layout_basic
Lair:1:   layout_cave_pods, infiniplex_staircase_pool, grunt_megastairs_2

Skill      XL: |  1  2  3  4  5  6  7  8  9 10 |
---------------+-------------------------------+-----
Stealth        | 2 3 4 5 6 |  6.5
Fire Magic     | 3 4 5 6 8 9 |  9.1
Dodging        | 2 3 |  3.4
Spellcasting   | 3 4 5 7 8 9 |  9.2
Fighting       | 1 2 |  2.3
Short Blades   | 1 2 |  2.9
Conjurations   | 2 |  2.7
Hexes          | |  0.1
Air Magic      | |  0.1
Poison Magic   | |  0.1

Action                   |  1- 3 |  4- 6 |  7- 9 | 10-12 || total
-------------------------+-------+-------+-------+-------++-------
Melee: Unarmed           |     5 |       |       |       ||     5
       Dagger            |    20 |    18 |    85 |    18 ||   141
       Punch             |       |     1 |     1 |       ||     2
 Cast: Foxfire           |    43 |    10 |    20 |       ||    73
       Scorch            |     2 |    22 |   150 |    36 ||   210
       Summon Guardian G |       |       |     1 |       ||     1
  Use: Scroll            |       |     8 |    13 |       ||    21
       Potion            |       |     4 |       |       ||     4
 Stab: Paralysed         |     6 |     6 |    22 |    14 ||    48
       Sleeping          |     1 |     1 |     9 |       ||    11
Armor: Robe              |     7 |     7 |    31 |    14 ||    59
Dodge: Dodged            |    21 |    22 |    67 |    24 ||   134
